 Dungeon Crawl Stone Soup version 0.29.1-15-g9cfb28693d (webtiles) character file.

Game seed: 1153991965730112426

70 Mune the Stinger (level 4, -6/36 HPs)
             Began as a Naga Venom Mage on Mar 12, 2023.
             Was an Initiate of Dithmenos.
             Mangled by Duvessa
             ... wielding a +2 short sword of electrocution
              (15 damage)
             ... on level 4 of the Dungeon.
             The game lasted 00:10:05 (4339 turns).

Mune the Stinger (Naga Venom Mage)                  Turns: 4339, Time: 00:10:05

Health: -6/36      AC:  3    Str: 16    XL:     4   Next: 21%
Magic:  2/8        EV: 10    Int: 18    God:    Dithmenos [......]
Gold:   168        SH:  0    Dex: 11    Spells: 2/8 levels left

rFire   . . .      SeeInvis +   l - +0 dagger
rCold   . . .      Faith    .   (no shield)
rNeg    . . .      Spirit   .   a - +0 robe
rPois   +          Reflect  .   (no helmet)
rElec   .          Harm     .   (no cloak)
rCorr   .          Rampage  .   j - +0 pair of gloves
Will    .....                   (no barding)
Stlth   ++........              (no amulet)
HPRegen 0.12/turn               s - +6 ring of strength
MPRegen 0.11/turn               (no ring)

@: short of breath, very slow
A: AC +1, large, see invisible, deformed body, poison resistance, slowness 2,
spit poison 1, naga tail 1
a: Spit Poison, Renounce Religion


You were on level 4 of the Dungeon.
You worshipped Dithmenos.
Dithmenos was noncommittal.
You visited 2 branches of the dungeon, and saw 5 of its levels.

You collected 168 gold pieces.

Inventory:

Hand Weapons
 l - a +0 dagger (weapon)
Armour
 a - a +0 robe (worn)
 j - a +0 pair of gloves (worn)
Jewellery
 s - a +6 ring of strength (left hand)
 w - a ring of protection from cold
Wands
 r - a wand of charming (9)
Scrolls
 b - a scroll of amnesia {unknown}
 d - a scroll of acquirement {unknown}
 e - 2 scrolls of identify {unknown}
 g - a scroll of teleportation
 h - a scroll of torment {unknown}
 n - 2 scrolls of blinking {unknown}
 p - a scroll of enchant armour {unknown}
 v - a scroll of summoning {unknown}
Potions
 c - 2 potions of cancellation {unknown}
 f - a potion of mutation {unknown}
 i - a potion of curing {unknown}
 k - 2 potions of lignification {unknown}
 m - a potion of attraction {unknown}
 o - a potion of berserk rage {unknown}
 q - a potion of brilliance {unknown}
 t - a potion of might {unknown}
 u - 2 potions of resistance {unknown}


   Skills:
 + Level 2.1 Dodging
 - Level 3.3 Stealth
 * Level 2.8 Spellcasting
 + Level 1.9 Transmutations
 + Level 4.6 Poison Magic


You had 2 spell levels left.
You knew the following spells:

 Your Spells              Type           Power      Damage    Failure   Level
a - Sting                 Tmut/Pois      56%        1d5       4%          1
b - Poisonous Vapours     Pois/Air       20%        N/A       10%         2
c - Mephitic Cloud        Conj/Pois/Air  8%         N/A       26%         3

Your spell library contained the following spells:

 Spells                   Type           Power      Damage    Failure   Level
 Sandblast                Erth           4%         2d4       17%         1
 Shock                    Conj/Air       8%         1d3       17%         1
 Passwall                 Tmut/Erth      5%         N/A       17%         2
 Olgreb's Toxic Radiance  Pois           19%        N/A       26%         4
 Stone Arrow              Conj/Erth      4%         3d7       45%         3
 Malign Gateway           Summ/Tloc      1%         N/A       100%        7
 Chain Lightning          Conj/Air       1%         3d1       100%        9


Dungeon Overview and Level Annotations

Branches:
Dungeon (4/15)             Temple (1/1) D:4

Altars:
Dithmenos
Elyvilon
Okawaru
Qazlal
Trog
Vehumet
Yredelemnul

Annotations:
D:4 Blork the orc, Dowan, Duvessa


Innate Abilities, Weirdness & Mutations

Your serpentine skin is tough. (AC +1)
You have supernaturally acute eyesight. (SInv)
Armour fits poorly on your strangely shaped body.
Your system is resistant to poisons. (rPois)
You cover ground very slowly.
You can spit poison.
You have a snake-like lower body.


Message History

Confirm with . or Enter, or press ? or * to list all spells.
Aiming: Poisonous Vapours (safe; 10% risk of failure)
Press: ? - help, Dir - move target, f - Duvessa
Aim: Duvessa, wielding a +2 short sword of electrocution and wearing a +0 leather armour Poisonous vapours surround Duvessa!
Duvessa is poisoned.
Casting: Poisonous Vapours (safe; 10% risk of failure)
Confirm with . or Enter, or press ? or * to list all spells.
Aiming: Poisonous Vapours (safe; 10% risk of failure)
Press: ? - help, Dir - move target, f/p - Duvessa
Aim: Duvessa, wielding a +2 short sword of electrocution and wearing a +0 leather armour (lightly wounded, poisoned) Poisonous vapours surround Duvessa!
Duvessa looks even sicker.
The sting misses Duvessa.
Duvessa hits you but does no damage.
Casting: Sting (safe; 4% risk of failure)
Confirm with . or Enter, or press ? or * to list all spells.
The spell is quite dangerous to miscast (26% risk of failure)!
Continue anyway?
Aiming: Mephitic Cloud (quite dangerous; 26% risk of failure)
Press: ? - help, Shift-Dir - straight line, p - Duvessa
Okay, then.
The sting hits Duvessa but does no damage.
Duvessa looks even sicker.
Duvessa is lightly wounded.
Duvessa hits you with a +2 short sword of electrocution.
You are electrocuted!
The sting hits Duvessa but does no damage.
Duvessa looks as sick as possible!
Duvessa is lightly wounded.
Duvessa hits you with a +2 short sword of electrocution!
Aiming: Spit Poison (1% risk of failure)
Press: ? - help, Shift-Dir - straight line, f/p - Duvessa
Aim: Duvessa, wielding a +2 short sword of electrocution and wearing a +0 leather armour (lightly wounded, extremely poisoned, 65% to hit)
The splash of poison hits Duvessa.
Duvessa looks as sick as possible!
Duvessa is moderately wounded.
Duvessa misses you.
Dowan, Brother of Duvessa comes into view.
He is wielding a +0 dagger of venom and wearing a +2 robe of cold resistance.
You hit Duvessa but do no damage.
Duvessa is moderately wounded.
Duvessa hits you with a +2 short sword of electrocution.
* * * LOW HITPOINT WARNING * * *
You are electrocuted!
You die...

..#.# #. #.##.#.#
#. #.#....# ###
###.##.#....## .
..#
#............##..
#.#
#...........e....
#.# #........)...#
#.# #....(....e#
#.# #.........@#
#.## #.......####
...## #.......#
..#.######.#.##
♣.....####....####
.................+
♣..##.####....####
..###.# #.#.## ..#
#.# #.###


You could see Duvessa (extremely poisoned) and Dowan.

Vanquished Creatures
  An adder (D:2)
  A worm (D:2)
  6 dart slugs
  An orc (D:4)
  4 bats (D:3)
  An endoplasm (D:4)
  2 giant cockroaches
  7 goblins
  2 hobgoblins (D:2)
  3 jackals (D:3)
  2 quokkas
  5 ball pythons
  3 frilled lizards
  2 kobolds
  2 rats
42 creatures vanquished.

Notes
Turn   | Place    | Note
-------+----------+-------------------------------------------
     0 | D:1      | Mune the Naga Venom Mage began the quest for the Orb.
     0 | D:1      | Reached XP level 1. HP: 15/15 MP: 3/3
   354 | D:1      | Reached XP level 2. HP: 19/22 MP: 0/5
   415 | D:1      | Learned a level 2 spell: Poisonous Vapours
   415 | D:1      | Found a faded altar of an unknown god.
  2038 | D:2      | Reached XP level 3. HP: 28/28 MP: 0/6
  2862 | D:2      | Learned a level 3 spell: Mephitic Cloud
  3279 | D:3      | Reached XP level 4. HP: 36/36 MP: 3/8
  3789 | D:3      | Got the Enchiridion on Overcast Leadership
  3857 | D:4      | Noticed Blork the orc
  4196 | D:4      | Found a staircase to the Ecumenical Temple.
  4210 | Temple   | Entered the Ecumenical Temple
  4210 | Temple   | Found a transporter.
  4210 | Temple   | Found a transporter.
  4212 | Temple   | Found a transporter.
  4212 | Temple   | Found a transporter.
  4225 | Temple   | Became a worshipper of Warmaster Okawaru
  4226 | Temple   | Fell from the grace of Okawaru
  4280 | Temple   | Became a worshipper of Dithmenos the Shadowed
  4330 | D:4      | Noticed Duvessa
  4338 | D:4      | Noticed Dowan
  4339 | D:4      | Mangled by Duvessa

Illustrated notes

Levels and vault maps discovered:
D:1:      amcnicky_arrival_double_pillar, layout_loops_corners,
          shapermc_ecumenical_altar_pompeii,
          hangedman_abyss_or_decor_lesser_grid
D:2:      layout_basic, minmay_misc_feat_columns
D:3:      layout_basic, minmay_misc_feat_tiny
D:4:      kennysheep_big_flooded_room, layout_loops_corners, zin_scriptorium,
          minmay_temple_entry_trees, uniq_duvessa, uniq_blork_the_orc
Temple:   hellmonk_temple_divided_pantheon

Skill      XL: |  1  2  3 |
---------------+----------+-----
Dodging        | 2 |  2.1
Stealth        | |  3.3
Spellcasting   | |  2.8
Transmutations | |  1.9
Poison Magic   | |  4.6

Action                   |  1- 3 |  4- 6 || total
-------------------------+-------+-------++-------
Melee: Unarmed           |    11 |       ||    11
       Dagger            |    14 |     5 ||    19
 Cast: Sting             |    29 |    19 ||    48
       Poisonous Vapours |    38 |    11 ||    49
       Mephitic Cloud    |       |     2 ||     2
Invok: Renounce Religion |       |     1 ||     1
 Abil: Spit Poison       |       |     1 ||     1
  Use: Scroll            |       |     2 ||     2
       Potion            |       |     1 ||     1
Armor: Robe              |     9 |     6 ||    15
Dodge: Dodged            |    23 |    16 ||    39
